Map: [ESL] Inside and Out

Players

herO

  • Race: Protoss Protoss
  • Spawn Location: 1:00

LiquidMaNa (MaNa) - Winner!

  • Race: Protoss Protoss
  • Spawn Location: 7:00

Event: TSL 9

VOD

Have the link to the VOD?

Description

Time

  • Played on: July 30, 2022, 7:28 a.m.
  • Length: 6:51

All games in this series

Show
View Real Time Build Order
Export as new Build Order

herO Protoss 

Build Orders:  

Get SALT Encoding   

  12  0:00  Probe  
  13  0:12  Probe  
  14  0:18  Pylon  
  14  0:24  Probe  
  15  0:36  Gateway  
  15  0:37  Probe (Chrono Boost)  
  16  0:42  Assimilator  
  16  0:48  Probe (Chrono Boost)  
  17  0:53  Probe (Chrono Boost)  
  17  0:56  Assimilator  
  18  1:03  Probe (Chrono Boost)  
  19  1:06  Pylon  
  19  1:12  Probe (Chrono Boost)  
  19  1:17  Probe (Chrono Boost)  
  20  1:23  Cybernetics Core  
  21  1:29  Probe  
  21  1:32  Zealot  
  24  1:42  Probe  
  25  1:54  Probe  
  26  2:00  Warp Gate (Chrono Boost), Stalker (Chrono Boost)  
  28  2:06  Pylon  
  28  2:21  Stalker (Chrono Boost)  
  29  2:40  Shield Battery  
  29  2:41  Gateway  
  29  2:46  Gateway  
  29  2:49  Shield Battery  
  29  2:51  Stalker  
  29  3:17  Pylon  
  29  3:22  Probe  
  29  3:40  Stalker x3  
  35  3:48  Nexus  
  35  3:50  Probe  
  36  4:02  Probe  
  37  4:04  Sentry x2  
  37  4:05  Sentry  
  43  4:10  Pylon  
  43  4:14  Probe  
  42  4:26  Probe  
  42  4:29  Adept x2  
  47  4:39  Probe  
  44  4:49  Twilight Council  
  44  4:51  Probe  
  43  5:02  Probe (Chrono Boost)  
  43  5:03  Probe (Chrono Boost)  
  43  5:04  Adept x2  
  47  5:13  Probe (Chrono Boost)  
  49  5:14  Probe (Chrono Boost)  
  49  5:15  Robotics Facility  
  49  5:18  Probe (Chrono Boost)  
  49  5:19  Probe (Chrono Boost)  
  49  5:29  Probe  
  49  5:30  Sentry, Probe  
  53  5:41  Probe  
  53  5:42  Probe  
  55  5:49  Stalker x2  
  59  5:53  Probe  
  59  5:54  Probe  
  61  6:03  Observer  
  62  6:09  Probe x2  
  62  6:13  Nexus, Assimilator  
  62  6:17  Stalker  
  52  6:27  Stalker  
  45  6:34  Stalker  
Show
View Real Time Build Order
Export as new Build Order

LiquidMaNa Protoss - Winner!

Build Orders:  

Get SALT Encoding   

  12  0:00  Probe  
  13  0:12  Probe  
  14  0:19  Pylon  
  14  0:24  Probe  
  15  0:37  Probe (Chrono Boost)  
  15  0:38  Gateway  
  16  0:46  Probe (Chrono Boost)  
  16  0:47  Assimilator  
  17  0:51  Probe  
  18  1:03  Probe (Chrono Boost)  
  19  1:05  Assimilator  
  19  1:13  Probe (Chrono Boost)  
  19  1:14  Gateway  
  19  1:18  Probe (Chrono Boost)  
  21  1:26  Cybernetics Core  
  21  1:30  Probe  
  22  1:39  Pylon  
  22  1:42  Probe  
  23  2:02  Stalker x2  
  23  2:03  Warp Gate  
  27  2:10  Pylon  
  27  2:30  Pylon  
  31  2:40  Probe  
  27  2:45  Nexus  
  27  2:52  Probe  
  27  2:57  Stalker  
  30  3:02  Sentry  
  30  3:04  Probe (Chrono Boost)  
  33  3:09  Shield Battery  
  33  3:16  Probe (Chrono Boost)  
  34  3:21  Probe (Chrono Boost)  
  34  3:26  Twilight Council  
  35  3:30  Probe (Chrono Boost)  
  36  3:41  Probe (Chrono Boost), Pylon  
  37  3:46  Probe (Chrono Boost)  
  38  3:57  Adept x2  
  40  4:07  Dark Shrine  
  40  4:09  Shield Battery  
  40  4:18  Stalker  
  40  4:19  Stalker  
  40  4:24  Pylon  
  44  4:34  Gateway  
  44  4:42  Stalker x2  
  44  4:50  Pylon  
  44  4:59  Probe  
  42  5:03  Probe  
  43  5:11  Probe  
  44  5:19  Dark Templar x2  
  48  5:25  Shield Battery  
  48  5:26  Probe (Chrono Boost)  
  48  5:27  Probe (Chrono Boost)  
  50  5:32  Stalker  
  52  5:38  Probe x2 (Chrono Boost)  
  54  5:43  Probe x2 (Chrono Boost)  
  54  5:46  Robotics Facility  
  56  5:53  Probe  
  56  5:54  Probe  
  58  5:57  Stalker x2  
  58  6:03  Pylon  
  62  6:05  Probe  
  62  6:06  Probe  
  64  6:15  Stalker  
  64  6:17  Probe  
  64  6:18  Probe  
  66  6:32  Stalker  
  66  6:33  Stalker  
  66  6:34  Probe  
  66  6:36  Probe  
  65  6:42  Pylon  
Tags
 
Event
TSL 9
Matchup
PvP
Player
MaNaherO
Spawn Locations
Cross Positions
Add a new tag
Caveats
  • Supply blocks, unpowered buildings, or Contaminate may cause inaccurate times.
  • Supply counts are checked every 10 seconds.